 Dungeon Crawl Stone Soup version 0.22-a0-469-gf26638a (webtiles) character file.

4760 Laiders72 the Insei (level 10, -1/84 HPs)
             Began as a Grey Draconian Transmuter on June 13, 2018.
             Was a Priest of Makhleb.
             Slain by a two-headed ogre
             ... wielding a +0 giant club
              (14 damage)
             ... on level 9 of the Dungeon.
             The game lasted 00:35:02 (11069 turns).

Laiders72 the Insei (Grey Draconian Transmuter)    Turns: 11069, Time: 00:35:02

Health: -1/84      AC:  2    Str: 12    XL:     10   Next: 23%
Magic:  25/27      EV: 22    Int: 16    God:    Makhleb [***...]
Gold:   517        SH:  0    Dex: 18    Spells: 11/20 levels left

rFire    . . .     SeeInvis .     - Unarmed
rCold    . . .     Gourm    .   (shield currently unavailable)
rNeg     . . .     Faith    .   (armour unavailable)
rPois    .         Spirit   .   (helmet currently unavailable)
rElec    .         Reflect  .   (cloak currently unavailable)
rCorr    .         Harm     .   (gloves currently unavailable)
MR       .....                  (boots currently unavailable)
Stlth    ++........             (no amulet)
HPRegen  0.24/turn              l - ring of magical power
MPRegen  0.20/turn              x - ring of poison resistance

@: spider-form (expiring), very slightly contaminated, heavily drained
A: tiny, (walk through water), unfitting armour, AC +12
a: End Transformation, Minor Destruction, Lesser Servant of Makhleb, Renounce
Religion


You were on level 9 of the Dungeon.
You worshipped Makhleb.
Makhleb was most pleased with you.
You were not hungry.
You were a venomous arachnid creature.
You visited 2 branches of the dungeon, and saw 10 of its levels.

You collected 517 gold pieces.

Inventory:

Missiles
 a - 146 arrows
Armour
 f - a +0 pair of gloves (melded)
 h - a +0 pair of boots (melded)
 j - a +1 hat (melded)
Jewellery
 k - an uncursed ring of see invisible
 l - a ring of magical power (left front leg)
 q - an uncursed ring of positive energy
 x - a ring of poison resistance (right front leg)
 D - a +3 amulet of reflection {unknown}
Wands
 n - a wand of polymorph (10)
 B - a wand of flame (6)
Scrolls
 e - 3 scrolls of remove curse
 g - a scroll of silence {unknown}
 m - 3 scrolls of fog
 s - 2 scrolls of amnesia
 t - 7 scrolls of teleportation
 u - 5 scrolls of magic mapping
 v - 2 scrolls of enchant weapon {unknown}
 w - a scroll of blinking {unknown}
 y - 2 scrolls of fear {unknown}
 C - a scroll of holy word {unknown}
 F - 2 scrolls of identify
Potions
 b - 6 potions of curing
 d - a potion of mutation
 i - 4 potions of flight
 o - a potion of ambrosia {unknown}
 p - a potion of lignification {unknown}
 r - 2 potions of degeneration {unknown}
 z - 4 potions of agility
 A - a potion of berserk rage {unknown}
 E - a potion of resistance {unknown}
Miscellaneous
 H - a lamp of fire
Comestibles
 c - 14 rations
 G - 4 chunks of flesh


   Skills:
 + Level 6.8(4.9) Fighting
 + Level 5.9(4.0) Dodging
 + Level 6.8(4.8) Unarmed Combat
 + Level 5.9(3.9) Spellcasting
 + Level 6.4(4.5) Transmutations
 - Level 4.0(2.2) Ice Magic
 - Level 4.0(2.2) Poison Magic


You had 11 spell levels left.
You knew the following spells:

 Your Spells              Type           Power        Failure   Level  Hunger
a - Ice Form              Ice/Tmut       ##......     61%         4    ####...
b - Sticks to Snakes      Tmut           ###.....     13%         2    ##.....
c - Spider Form           Tmut/Pois      ##........   30%         3    ###....

Your spell library contained the following spells:

 Spells                   Type           Power        Failure   Level  Hunger
 Blade Hands              Tmut           ###.......   78%         5    ######.
 Beastly Appendage        Tmut           ###...       10%         1    None


Dungeon Overview and Level Annotations

Branches:
Dungeon (9/15)             Temple (1/1) D:4
   Lair: D:8-11         Orc: D:9-12

Altars:
Ashenzari
Cheibriados
Dithmenos
Elyvilon
Fedhas
Gozag
Hepliaklqana
Kikubaaqudgha
Makhleb
Nemelex Xobeh
Okawaru
Qazlal
Ru
Sif Muna
Trog
Uskayaw
Vehumet
Wu Jian
Xom
Yredelemnul
Zin
The Shining One

Shops:
D:9 *

Annotations:
D:6 1 runed door


Innate Abilities, Weirdness & Mutations

((You can walk through water.))
((Your dull iron-grey scales are very hard. (AC +12)))
You cannot fit into any form of body armour.
((You can survive without breathing.))
((You are cold-blooded and may be slowed by cold attacks.))


Message History

Your transformation is almost over.
You hit the two-headed ogre but do no damage.
The two-headed ogre looks as sick as possible!
The two-headed ogre is severely wounded.
The two-headed ogre misses you.
The two-headed ogre completely misses you.
The howler monkey hoots and howls with incredible vigour!
The two-headed ogre hits you with a giant club!!
* * * LOW HITPOINT WARNING * * *
The two-headed ogre hits you with a giant club!
* * * LOW HITPOINT WARNING * * *
You hear a roar!
You hear a loud, deep croak!
You hear a shout!
You hear a bark! x2; You hear a shout!
You hear a bark!
You hear a shout!
You hear a loud, deep croak!
You hear a shout! x2
You hit the two-headed ogre.
The two-headed ogre looks as sick as possible!
The two-headed ogre is almost dead.
The two-headed ogre completely misses you.
The two-headed ogre hits you with a giant club!
You die...

.... ##...... #..#
#......# ..# #..[.###
#.# #..#[## #
#t##############.##.#
#
#.h..............##.#
#
##.######..####.##..#
# #.######.## #....##
# #####..thOs..#
#####.####.
#.....########
#.......... #..#####
#.........# ..
#)........#
#<........#
###########


You could see a two-headed ogre, a crocodile and a howler monkey.

Vanquished Creatures
  Grinder (D:3)
  A hornet (D:9)
  3 hippogriffs
  A wyvern (D:9)
  A hungry ghost (D:8)
  Grum (D:8)
  2 sky beasts
  2 ice beasts
  2 orc warriors
  4 ogres
  2 phantoms
  4 wolves
  4 centaurs
  A bullfrog (D:6)
  4 scorpions
  A wyvern skeleton (D:9)
  A wight (D:9)
  6 killer bees
  A howler monkey (D:9)
  4 crimson imps
  A bullfrog skeleton (D:6)
  3 centaur skeletons
  2 orc priests (D:8)
  4 hounds
  2 iguanas
  6 worker ants
  8 orc wizards
  Ijyb (D:3)
  A killer bee zombie (D:9)
  4 gnolls (D:5)
  14 adders
  3 worms
  3 dart slugs
  6 leopard geckos
  34 orcs
  A ball python (D:6)
  A bat zombie (D:2)
  9 giant cockroaches
  2 goblins
  8 hobgoblins
  9 jackals
  5 kobolds (D:1)
  3 quokkas
  12 bats
  5 frilled lizards
  A leopard gecko skeleton (D:4)
  9 rats
  2 butterflies (D:6)
205 creatures vanquished.

Vanquished Creatures (collateral kills)
  A killer bee (D:8)
  An adder (D:2)
  4 orcs
  A goblin (D:2)
  A frilled lizard (D:3)
8 creatures vanquished.

Grand Total: 213 creatures vanquished

Notes
Turn   | Place    | Note
-------+----------+-------------------------------------------
     0 | D:1      | Laiders72 the Draconian Transmuter began the quest for the Orb.
     0 | D:1      | Reached XP level 1. HP: 16/16 MP: 3/3
   689 | D:1      | Reached XP level 2. HP: 23/23 MP: 5/5
   693 | D:1      | Learned a level 2 spell: Sticks to Snakes
  1363 | D:1      | Reached XP level 3. HP: 27/29 MP: 6/6
  1368 | D:1      | Learned a level 3 spell: Spider Form
  2014 | D:2      | Reached skill level 1 in Poison Magic
  2423 | D:2      | Reached XP level 4. HP: 36/36 MP: 7/7
  2509 | D:2      | Noticed an ogre
  2519 | D:2      | Killed an ogre
  2718 | D:2      | Found an ancient bone altar of Kikubaaqudgha.
  2802 | D:2      | Reached XP level 5. HP: 41/41 MP: 8/8
  2877 | D:3      | Noticed Ijyb
  2924 | D:3      | Killed Ijyb
  3043 | D:3      | Noticed Grinder
  3183 | D:3      | Found an ornate altar of the Wu Jian Council.
  3252 | D:3      | Reached XP level 6. HP: 44/50 MP: 10/10
  3431 | D:3      | Found a basalt altar of Yredelemnul.
  3452 | D:3      | Killed Grinder
  4164 | D:4      | Found a deep blue altar of Sif Muna.
  4359 | D:4      | Found a staircase to the Ecumenical Temple.
  4415 | D:4      | Your scales start taking on a dull iron-grey colour.
  4415 | D:4      | Reached XP level 7. HP: 56/57 MP: 11/11
  4415 | D:4      | Gained mutation: You can survive without breathing. [Grey Draconian growth]
  4509 | D:4      | Found a blossoming altar of Fedhas.
  4802 | D:5      | Entered Level 5 of the Dungeon
  4875 | Temple   | Entered the Ecumenical Temple
  5067 | Temple   | Became a worshipper of Makhleb the Destroyer
  5958 | D:5      | Learned a level 4 spell: Ice Form
  6052 | D:6      | Reached * piety under Makhleb
  6087 | D:6      | Found a snail-covered altar of Cheibriados.
  6087 | D:6      | Found a radiant altar of Vehumet.
  6102 | D:6      | Found a shattered altar of Ashenzari.
  6292 | D:6      | Reached skill level 1 in Ice Magic
  6292 | D:6      | Reached XP level 8. HP: 52/66 MP: 13/13
  6633 | D:6      | Found a runed door.
  6641 | D:6      | Found a runed door.
  6664 | D:6      | Reached skill level 5 in Unarmed Combat
  7425 | D:7      | Reached skill level 5 in Fighting
  7458 | D:7      | Noticed a hippogriff
  7471 | D:7      | Killed a hippogriff
  7637 | D:7      | Reached skill level 5 in Transmutations
  7638 | D:7      | Found a shadowy altar of Dithmenos.
  7852 | D:7      | Found a stormy altar of Qazlal.
  7904 | D:8      | Reached XP level 9. HP: 59/74 MP: 15/15
  8007 | D:8      | Reached ** piety under Makhleb
  8967 | D:8      | Reached skill level 5 in Dodging
  8985 | D:8      | Reached skill level 5 in Spellcasting
  9202 | D:8      | Found an opulent altar of Gozag.
  9329 | D:8      | Noticed Grum
  9396 | D:7      | HP: 1/75 [wolf[Grum] (10)]
  9745 | D:8      | Killed Grum
 10311 | D:9      | Reached XP level 10. HP: 84/84 MP: 18/18
 10378 | D:9      | Found Zin's Purification Station.
 10381 | D:9      | Found a glowing silver altar of Zin.
 11045 | D:9      | Noticed a two-headed ogre
 11055 | D:9      | Reached *** piety under Makhleb
 11069 | D:9      | Slain by a two-headed ogre

Vault maps used:
D:1:      dpeg_arrival_rooms_b, minmay_pentomino_s4
D:2:      lemuel_zombie_altar_kikubaaqudgha
D:3:      nicolae_overflow_crystal_walls, yredelemnul_altar_generic, uniq_ijyb,
          uniq_grinder
D:4:      fedhas_altar_1, kennysheep_little_box, minmay_temple_entry_grid
D:5:      first_ration
D:6:      lemuel_insect_pit, ashenzari_altar_1, grunt_temple_overflow_open,
          grunt_ministairs_10, hangedman_decor_opposing
D:7:      lemuel_coloured_pillars_altar, basic_altar
D:8:      grunt_gozag_breadcrumbs, uniq_grum
D:9:      minmay_the_grid_triangle_9x9_rhombus_thin, zin_purify, basic_altar
Temple:   minmay_temple_curvy_loop

Skill      XL: |  1  2  3  4  5  6  7  8  9 |
---------------+----------------------------+-----
Dodging        | 2 3 4 5 |  5.9
Poison Magic   | 1 2 3 4 |  4.0
Fighting       | 2 3 5 6 |  6.8
Transmutations | 3 4 5 6 |  6.4
Unarmed Combat | 4 5 6 |  6.8
Spellcasting   | 3 4 5 |  5.9
Ice Magic      | 1 3 4 |  4.0

Action                   |  1- 3 |  4- 6 |  7- 9 | 10-12 || total
-------------------------+-------+-------+-------+-------++-------
Melee: Unarmed           |   172 |   214 |   649 |    93 ||  1128
       Tailslap          |    14 |    15 |    47 |     5 ||    81
       Kick              |     1 |       |       |       ||     1
       Punch             |     1 |       |    11 |     2 ||    14
       Headbutt          |     1 |       |       |       ||     1
 Cast: Beastly Appendage |     2 |       |       |       ||     2
       Sticks to Snakes  |     2 |     7 |    24 |     4 ||    37
       Spider Form       |     1 |     6 |    17 |     2 ||    26
       Ice Form          |       |       |       |     1 ||     1
  Use: Scroll            |     2 |     1 |     7 |       ||    10
       Potion            |       |       |     3 |       ||     3
 Stab: Sleeping          |     1 |       |     1 |     1 ||     3
       Distracted        |       |       |       |     1 ||     1
  Eat: Chunk             |     5 |     8 |    18 |     3 ||    34
       Ration            |       |       |     2 |       ||     2
Armor: Skin              |    84 |    63 |   205 |    39 ||   391
Dodge: Dodged            |   157 |   179 |   621 |    86 ||  1043

Table legend:
 A = Spawn XP
 B = Non-spawn XP
 C = Spawn XP percentage of total XP
 D = Spawn monster count
 E = Non-spawn monster count
 F = Spawn count percentage of total count
 G = Total turns spent on level
                    A         B        C        D         E        F      G
               +---------+---------+-------+---------+---------+-------+---------
         Total |       0 |    6800 |   0.0 |       0 |     211 |   0.0 | 11069
               +---------+---------+-------+---------+---------+-------+---------
           D:1 |       0 |      42 |   0.0 |       0 |      22 |   0.0 |  1644
           D:2 |       0 |     167 |   0.0 |       0 |      28 |   0.0 |  1342
           D:3 |       0 |     487 |   0.0 |       0 |      27 |   0.0 |   893
           D:4 |       0 |     158 |   0.0 |       0 |      16 |   0.0 |   977
           D:5 |       0 |     283 |   0.0 |       0 |      16 |   0.0 |   896
           D:6 |       0 |     856 |   0.0 |       0 |      27 |   0.0 |  1068
           D:7 |       0 |     982 |   0.0 |       0 |      17 |   0.0 |  1638
           D:8 |       0 |    2511 |   0.0 |       0 |      37 |   0.0 |  1878
           D:9 |       0 |    1314 |   0.0 |       0 |      21 |   0.0 |   522
               +---------+---------+-------+---------+---------+-------+---------
